 Dungeon Crawl Stone Soup version 0.20.1-1-g8b1a95d (webtiles) character file.

25515 BreadTh the Brawler (level 12, -5/119 HPs)
             Began as a Troll Hunter on July 8, 2017.
             Was a High Priest of Okawaru.
             Slain by a seven-headed hydra (17 damage)
             ... on level 2 of the Lair of Beasts.
             The game lasted 00:57:39 (12894 turns).

BreadTh the Brawler (Troll Hunter)                 Turns: 12894, Time: 00:57:40

Health: -5/119     AC:  9    Str: 23    XL:     12   Next: 90%
Magic:  11/11      EV:  6    Int:  7    God:    Okawaru [*****.]
Gold:   1405       SH: 14    Dex: 14    Spells: 11/11 levels left

rFire    . . .     SeeInvis .     - Unarmed
rCold    + . .     Gourm    +   R - +0 large shield
rNeg     . . .     Faith    .   U - +2 robe {rC+}
rPois    .         Spirit   .   X - +1 hat
rElec    .         Reflect  .   h - +0 cloak
rCorr    .         Harm     .   (gloves unavailable)
MR       .....                  (boots unavailable)
Stlth    +.........             (no amulet)
Regen    0.7/turn               T - ring of ice
MPRegen  0.2/turn               B - ring of fire

@: no status effects
A: unfitting armour, claws 3, fast metabolism 3, gourmand, regeneration 1,
shaggy fur 1, tough skin 2
a: Heroism, Finesse, Renounce Religion


You were on level 2 of the Lair of Beasts.
You worshipped Okawaru.
Okawaru was extremely pleased with you.
You were completely stuffed.

You visited 4 branches of the dungeon, and saw 15 of its levels.

You collected 1405 gold pieces.

Inventory:

Hand Weapons
 C - a +1 blowgun
Missiles
 c - 13 large rocks (quivered)
 d - 5 throwing nets
 e - 428 stones
 i - 4 silver javelins
 y - 3 tomahawks of returning
 G - 12 curare-tipped needles
 H - 21 tomahawks
 Q - 6 javelins of penetration
 V - 4 javelins
Armour
 h - a +0 cloak (worn)
 R - a +0 large shield (worn)
 U - a +2 robe of cold resistance (worn)
 X - a +1 hat (worn)
Jewellery
 k - an uncursed ring of flight
 B - a ring of fire (right claw)
 O - an uncursed ring of ice
 T - a ring of ice (left claw)
Wands
 t - a wand of random effects (12/48)
 x - a wand of iceblast (7/15)
 K - a wand of flame (48/48)
 Y - a wand of polymorph (16/24)
Scrolls
 a - 4 scrolls of teleportation
 j - 4 scrolls of immolation
 p - 2 scrolls of enchant weapon
 q - 2 scrolls of identify
 r - a scroll of amnesia
 u - a scroll of vulnerability {unknown}
 v - 4 scrolls of remove curse
 A - 2 scrolls of noise {unknown}
 L - a scroll of fog
 M - 2 scrolls of fear
 S - 5 scrolls of recharging
 W - a scroll of summoning {unknown}
Potions
 g - a potion of haste
 m - a potion of agility
 n - a potion of cancellation {unknown}
 o - 2 potions of flight
 s - 3 potions of lignification
 D - 2 potions of brilliance {unknown}
 E - 3 potions of mutation
 F - 9 potions of curing
 I - 4 potions of heal wounds
 J - 2 potions of ambrosia
 P - a potion of might
 Z - a potion of magic {unknown}
Books
 N - a book of Debilitation

   Spells                             Type                      Level
   a - Corona                         Hexes                        1
   b - Slow                           Hexes                        2
   c - Inner Flame                    Hexes/Fire                   3
   d - Portal Projectile              Hexes/Translocation          3
   e - Cause Fear                     Hexes                        4
   f - Leda's Liquefaction            Hexes/Earth                  4
Comestibles
 b - 5 chunks of flesh
 f - 13 bread rations
 l - 10 meat rations
 w - 10 royal jellies
 z - 36 fruits


   Skills:
 + Level 8.0 Fighting
 - Level 10.1 Throwing
 - Level 1.5 Dodging
 - Level 0.3 Stealth
 + Level 2.3 Shields
 * Level 16.0 Unarmed Combat


You had 11 spell levels left.
You didn't know any spells.

Dungeon Overview and Level Annotations

Branches:
Dungeon (11/15)            Temple (1/1) D:6            Lair (2/6) D:10
    Orc (1/2) D:10
  Swamp: Lair:2-4    Shoals: Lair:2-4     Snake: Lair:2-4    Spider: Lair:2-4

Altars:
Ashenzari
Cheibriados
Dithmenos
Elyvilon
Fedhas
Gozag
Hepliaklqana
Kikubaaqudgha
Makhleb
Nemelex Xobeh
Okawaru
Qazlal
Ru
Sif Muna
Trog
Uskayaw
Vehumet
Xom
Yredelemnul
Zin
The Shining One

Shops:
D:4 %*   D:5 [


Innate Abilities, Weirdness & Mutations

You are too large for most types of armour.
You have claws for hands.
Your metabolism is lightning-fast.
You like to eat raw meat.
Your natural rate of healing is unusually fast.
You are covered in fur. (AC +1)
You have very tough skin. (AC +2)


Message History

The seven-headed hydra bites you.
Throwing (i - inventory. (,) - cycle):
c - 14 large rocks (quivered)
Press: ? - help, Shift-Dir - straight line, f/p - seven-headed hydra
Aim: a seven-headed hydra (heavily wounded)
You throw a large rock.
The large rock completely misses the seven-headed hydra.
The seven-headed hydra bites you!
The seven-headed hydra completely misses you.
You block the seven-headed hydra's attack.
The seven-headed hydra bites you!
The seven-headed hydra barely misses you.
The seven-headed hydra bites you!
* * * LOW HITPOINT WARNING * * *
The seven-headed hydra bites you!
* * * LOW HITPOINT WARNING * * *
You block the seven-headed hydra's attack.
The seven-headed hydra bites you.
* * * LOW HITPOINT WARNING * * *
The seven-headed hydra bites you!
You die...

#..........#..##
###...........#.P#
#.#...........P....
#..##...............
##.###..............)
####..####..............
#..#.###..............
##..###..............
#..###...@D..([((...
##..#P...............
##.#............P.#.
#.###............## ###
#.............#
###############


You could see a seven-headed hydra.

Vanquished Creatures
  Fannar (D:11)
  A hydra (D:8)
  Erica (D:9)
  2 centaur warriors
  4 two-headed ogres
  2 unseen horrors
  An orc sorcerer (Orc:1)
  An ugly thing (D:11)
  A deep elf mage (D:11)
  Joseph (D:9)
  3 centaur skeletons (D:11)
  3 komodo dragons
  A queen bee (D:11)
  2 trolls (D:11)
  Prince Ribbit (D:5)
  Grinder (D:6)
  5 blink frogs (Lair:1)
  2 dream sheep (D:8)
  2 shadows (D:11)
  A wyvern (Lair:2)
  14 yaks
  Grum (D:11)
  2 steam dragons
  2 hungry ghosts
  3 wargs (Orc:1)
  4 water moccasins
  4 porcupines
  9 orc warriors
  A phantom (D:4)
  2 black bears
  An eye of draining (D:11)
  2 ice beasts
  A sky beast (D:11)
  6 ogres
  8 wolves
  6 centaurs
  6 crocodiles
  6 big kobolds
  A wyvern zombie (D:10)
  2 gnoll sergeants
  8 bullfrogs
  A water moccasin skeleton (D:6)
  A scorpion (D:8)
  38 killer bees
  17 wights
  A howler monkey (D:11)
  3 bullfrog zombies
  9 crimson imps
  3 quasits
  3 jellies
  5 orc priests
  A bullfrog skeleton (D:8)
  11 hounds
  10 orc wizards
  A gnoll shaman (D:7)
  3 iguanas
  8 worker ants
  2 worker ant zombies
  Robin (D:2)
  18 gnolls
  14 adders
  4 shadow imps
  An ooze (D:1)
  4 worms
  A dart slug (D:2)
  10 leopard geckos
  39 orcs
  4 bats
  7 giant cockroaches
  9 goblins
  8 hobgoblins
  20 jackals
  8 quokkas
  2 ball pythons
  2 frilled lizards
  A jackal skeleton (D:5)
  31 kobolds
  5 rats
  A plant (D:10)
432 creatures vanquished.

Notes
Turn   | Place    | Note
-------+----------+-------------------------------------------
     0 | D:1      | BreadTh the Troll Hunter began the quest for the Orb.
     0 | D:1      | Reached XP level 1. HP: 19/19 MP: 0/0
   274 | D:1      | Reached XP level 2. HP: 22/28 MP: 1/1
   782 | D:2      | Reached XP level 3. HP: 36/36 MP: 2/2
   875 | D:2      | Noticed Robin
   896 | D:2      | Killed Robin
   946 | D:2      | Found a faded altar of an unknown god.
   978 | D:2      | Reached XP level 4. HP: 33/44 MP: 3/3
  1100 | D:2      | Found a white marble altar of Elyvilon.
  1103 | D:2      | Found an ancient bone altar of Kikubaaqudgha.
  1104 | D:2      | Found a bloodstained altar of Trog.
  1109 | D:2      | Found a hazy altar of Hepliaklqana.
  1437 | D:3      | Reached XP level 5. HP: 53/53 MP: 4/4
  1847 | D:4      | Noticed a phantom
  1879 | D:4      | Killed a phantom
  1879 | D:4      | Reached skill level 5 in Throwing
  1987 | D:4      | Reached XP level 6. HP: 53/62 MP: 5/5
  2202 | D:4      | Found Eczoc's Elemental Accessories.
  2280 | D:4      | Found Vufeujo's Food Shoppe.
  2313 | D:5      | Entered Level 5 of the Dungeon
  2373 | D:5      | Noticed Prince Ribbit
  2485 | D:4      | Reached skill level 1 in Unarmed Combat
  2571 | D:5      | Found a hazy altar of Hepliaklqana.
  2589 | D:5      | Reached skill level 2 in Unarmed Combat
  2791 | D:5      | Reached skill level 5 in Fighting
  2791 | D:5      | Reached XP level 7. HP: 70/72 MP: 6/6
  2827 | D:5      | Reached skill level 3 in Unarmed Combat
  2923 | D:5      | Found Toiluneh's Antique Armour Shoppe.
  2980 | D:5      | Reached skill level 4 in Unarmed Combat
  3058 | D:5      | Reached skill level 5 in Unarmed Combat
  3297 | D:5      | Found a burning altar of Makhleb.
  3457 | D:5      | Killed Prince Ribbit
  3457 | D:5      | Reached skill level 6 in Unarmed Combat
  3457 | D:5      | Reached XP level 8. HP: 80/80 MP: 7/7
  4021 | D:6      | Reached skill level 7 in Unarmed Combat
  4132 | D:6      | Reached skill level 8 in Unarmed Combat
  4160 | D:6      | Noticed Grinder
  4164 | D:6      | Killed Grinder
  4210 | D:6      | Reached skill level 9 in Unarmed Combat
  4245 | D:6      | Reached XP level 9. HP: 43/88 MP: 8/8
  4425 | D:6      | Found a staircase to the Ecumenical Temple.
  4445 | Temple   | Entered the Ecumenical Temple
  4584 | Temple   | Became a worshipper of Warmaster Okawaru
  4991 | D:7      | Reached skill level 10 in Unarmed Combat
  5051 | D:7      | Found a radiant altar of Vehumet.
  5084 | D:7      | Found a glowing golden altar of the Shining One.
  5401 | D:7      | HP: 6/132 [poisoned by a killer bee]
  5406 | D:7      | HP: 3/132 [poisoned by a killer bee]
  5411 | D:7      | HP: 3/132 [poisoned by a killer bee]
  5417 | D:7      | HP: 3/132 [poisoned by a killer bee]
  5422 | D:7      | HP: 5/132 [poisoned by a killer bee]
  5695 | D:7      | Reached * piety under Okawaru
  5751 | D:7      | Reached skill level 11 in Unarmed Combat
  6212 | D:8      | Reached ** piety under Okawaru
  6214 | D:8      | Reached skill level 12 in Unarmed Combat
  6217 | D:8      | Reached XP level 10. HP: 54/96 MP: 9/9
  6281 | D:8      | Noticed a three-headed hydra
  6290 | D:8      | Killed a three-headed hydra
  6458 | D:8      | Reached *** piety under Okawaru
  6526 | D:8      | Noticed a two-headed ogre
  6536 | D:8      | Killed a two-headed ogre
  7215 | D:9      | Noticed Joseph
  7254 | D:9      | Noticed Erica
  7267 | D:9      | Killed Erica
  7267 | D:9      | Reached **** piety under Okawaru
  7267 | D:9      | Reached skill level 13 in Unarmed Combat
  7450 | D:9      | Found a sacrificial altar of Ru.
  7568 | D:9      | Reached ***** piety under Okawaru
  7574 | D:9      | Received a gift from Okawaru
  7884 | D:9      | Reached XP level 11. HP: 73/104 MP: 10/10
  7941 | D:9      | Killed Joseph
  8163 | D:9      | Received a gift from Okawaru
  8219 | D:10     | Entered Level 10 of the Dungeon
  8520 | D:10     | Found a staircase to the Orcish Mines.
  8542 | D:10     | Killed an unseen horror
  8630 | D:10     | Found a glowing golden altar of the Shining One.
  8801 | D:10     | Found a staircase to the Lair.
  8852 | D:10     | Noticed a centaur warrior
  8862 | D:10     | Killed a centaur warrior
  8862 | D:10     | Received a gift from Okawaru
  8932 | Orc:1    | Entered Level 1 of the Orcish Mines
  8932 | Orc:1    | Noticed a two-headed ogre
  8939 | Orc:1    | Killed a two-headed ogre
  9232 | Orc:1    | Reached skill level 14 in Unarmed Combat
  9233 | Orc:1    | Noticed an orc sorcerer
  9248 | Orc:1    | Killed an orc sorcerer
  9587 | D:11     | Found a white marble altar of Elyvilon.
  9587 | D:11     | Noticed a deep elf mage
  9611 | D:11     | Killed a deep elf mage
  9999 | D:11     | Reached XP level 12. HP: 55/115 MP: 11/11
 10112 | D:11     | Noticed Grum
 10123 | D:11     | Killed Grum
 10164 | D:11     | Reached skill level 10 in Throwing
 10171 | D:11     | Noticed a two-headed ogre
 10176 | D:11     | Killed a two-headed ogre
 10387 | D:11     | Noticed a two-headed ogre
 10389 | D:11     | Noticed a centaur warrior
 10391 | D:11     | Noticed Fannar
 10411 | D:11     | Received a gift from Okawaru
 10418 | D:11     | Killed a two-headed ogre
 10418 | D:11     | Reached skill level 15 in Unarmed Combat
 10419 | D:11     | Killed a centaur warrior
 10419 | D:11     | Received a gift from Okawaru
 10444 | D:11     | Killed Fannar
 11034 | D:11     | Reached skill level 1 in Shields
 11040 | D:11     | Received a gift from Okawaru
 11427 | Lair:1   | Entered Level 1 of the Lair of Beasts
 12140 | Lair:1   | Received a gift from Okawaru
 12877 | Lair:2   | Reached skill level 16 in Unarmed Combat
 12885 | Lair:2   | Noticed a seven-headed hydra
 12894 | Lair:2   | Slain by a seven-headed hydra

Skill      XL: |  1  2  3  4  5  6  7  8  9 10 11 12 |
---------------+-------------------------------------+-----
Fighting       | 2 3 4 5 6 8 |  8.0
Throwing       | 4 5 8 9 10 | 10.1
Unarmed Combat | 2 6 9 12 13 14 16 | 16.0
Shields        | 2 |  2.3
Dodging        | |  1.5
Stealth        | |  0.3

Action                   |  1- 3 |  4- 6 |  7- 9 | 10-12 || total
-------------------------+-------+-------+-------+-------++-------
Melee: Unarmed           |   103 |   219 |   297 |   699 ||  1318
       Punch             |       |       |    12 |    40 ||    52
 Fire: Blowgun           |       |       |     3 |       ||     3
Throw: Javelin           |       |    12 |     3 |     9 ||    24
       Tomahawk          |       |       |       |    15 ||    15
       Large rock        |       |       |       |     9 ||     9
Invok: Heroism           |       |       |       |     2 ||     2
       Finesse           |       |       |       |     2 ||     2
  Use: Scroll            |       |       |    12 |    14 ||    26
       Potion            |       |       |     1 |     4 ||     5
 Stab: Sleeping          |       |     3 |       |       ||     3
  Eat: Chunk             |    15 |    14 |    37 |    66 ||   132
Armor: Robe              |    32 |    72 |    96 |    75 ||   275
       Skin              |       |       |     2 |    25 ||    27
       Steam dragon scal |       |       |       |   130 ||   130
Dodge: Dodged            |    41 |   120 |   122 |   236 ||   519
Block: Large shield      |       |       |       |    95 ||    95
